 Dungeon Sprint DCSS version 0.27-a0-67-g4bfc8a49e1 (webtiles) character file.

Game seed: 14466105585608731043

31248 mhtbhm the Fencer (level 13, -3/122 HPs)
             Began as a Human Berserker on Jan 9, 2021.
             Was the Champion of Trog.
             Slain by a shock serpent (14 damage)
             ... in the Dungeon (Sprint IX: "|||||||||||||||||||||||||||||").
             The game lasted 00:09:21 (4763 turns).

mhtbhm the Fencer (Human Berserker)                 Turns: 4763, Time: 00:09:22

Health: -3/122     AC: 29    Str: 23    XL:     13   Next: 94%
Magic:  1/13       EV: 12    Int:  7    God:    Trog [******]
Gold:   1295       SH:  0    Dex: 13    Spells: 12/12 levels left

rFire    + + +     SeeInvis .   a - +7 great mace "Firestarter" {inner flame, rF++}
rCold    . . .     Faith    .   (shield currently unavailable)
rNeg     . . .     Spirit   .   b - +4 plate armour {rF+}
rPois    +         Reflect  .   v - +0 helmet
rElec    .         Harm     .   u - +0 cloak
rCorr    .         Rampage  .   m - +0 pair of gloves
Will     .....     NoTele   +   l - +0 pair of boots
Stlth    ..........             (no amulet)
HPRegen  0.30/turn              y - ring of poison resistance
MPRegen  0.13/turn              o - +2 ring of protection

@: lethally poisoned (-3 -> -4), berserk cooldown, slowed, very slow
A: no striking features
a: Renounce Religion, Berserk, Trog's Hand, Brothers in Arms


You were in the Dungeon.
You worshipped Trog.
Trog was exalted by your worship.
You visited 1 branch You collected 1945 gold pieces.
You spent 650 gold pieces at shops.

Inventory:

Hand Weapons
 a - the +7 great mace "Firestarter" (weapon) {inner flame, rF++}
   (You found it in the Dungeon)

   It has been specially enchanted to burn those struck by it, causing extra
   injury to most foes and up to half again as much damage against particularly
   susceptible opponents.
   It greatly protects you from fire.
 t - a +1 great sword of flaming
 z - the +11 great sword of Efariq {antimagic, rN+ Dex-2 Stlth+, unknown}
   (Trog gifted it to you in the Dungeon)

   It reduces the magical energy of the wielder, and disrupts the spells and
   magical abilities of those hit.
   Natural abilities and divine invocations are not affected.
   It affects your dexterity (-2).
   It protects you from negative energy.
   It makes you more stealthy.
Missiles
 e - 5 curare-tipped darts
Armour
 b - a +4 plate armour of fire resistance (worn)
 l - a +0 pair of boots (worn)
 m - a +0 pair of gloves (worn)
 u - a +0 cloak (worn)
 v - a +0 helmet (worn)
Jewellery
 o - a +2 ring of protection (right hand)
 s - an uncursed ring of protection from fire
 y - a ring of poison resistance (left hand)
Wands
 i - a wand of digging (3)
Scrolls
 h - a scroll of blinking
 j - 7 scrolls of remove curse
 q - 3 scrolls of identify
 r - a scroll of enchant weapon
 x - a scroll of fog
Potions
 c - 4 potions of curing
 d - 6 potions of heal wounds
 f - 4 potions of magic
 g - 3 potions of berserk rage
 n - 2 potions of haste
 p - a potion of might
 w - 2 potions of mutation


   Skills:
 + Level 18.2 Fighting
 - Level 18.4 Long Blades
 * Level 14.0 Maces & Flails
 + Level 0.1 Throwing
 + Level 15.3 Armour
 + Level 10.4 Dodging
 + Level 3.0 Stealth
 - Level 3.9 Evocations


You had 12 spell levels left.
You didn't know any spells.
Your spell library was empty.

Dungeon Overview and Level Annotations

Branches:
Dungeon (1/1)

Altars:
Cheibriados
Dithmenos
Elyvilon
Fedhas
Gozag
Hepliaklqana
Kikubaaqudgha
Makhleb
Nemelex Xobeh
Okawaru
Qazlal
Ru
Sif Muna
Trog
Uskayaw
Vehumet
Wu Jian
Xom
Yredelemnul
Zin
The Shining One
Beogh
Jiyva
Lugonu

Shops:
D (}[(


Message History

Your Maces & Flails skill increases to level 14!
Unknown command.
You feel much better.
You feel sick.
The shock serpent is engulfed in blazing flames.
The shock serpent's electric aura discharges, shocking you!
* * * LOW HITPOINT WARNING * * *
The shock serpent shoots out a bolt of lightning at you!
The bolt of electricity hits you.
* * * LOW HITPOINT WARNING * * *
Press: ? - help, v - describe, . - travel
Here: a shock serpent (heavily wounded)
The floor, spattered with blood.
Your plate armour prevents you from hitting the shock serpent.
The shock serpent is heavily wounded.
You feel sick.
The shock serpent completely misses you.
The shock serpent bites you.
* * * LOW HITPOINT WARNING * * *
The shock serpent shocks you!
You die...

)..)).........)))).....)))).)))).
▓▓▓▓▓▓▓▓▓▓▓▓▓▓▓▓▓▓▓▓▓▓▓▓▓▓▓▓▓▓▓▓▓
.................................
▓▓▓▓▓▓▓▓▓▓▓▓▓▓▓▓▓▓▓▓▓▓▓▓▓▓▓▓▓▓▓▓▓
.÷'..........[[[[[[[[.)))))))).=.
▓▓▓▓▓▓▓▓▓▓▓▓▓▓▓▓▓▓▓▓▓▓▓▓▓▓▓▓▓▓▓▓▓
....)............................
♣♣♣♣♣♣♣♣♣♣▓▓▓▓▓▓▓▓▓▓▓▓▓▓▓▓▓▓▓▓▓▓▓
+...○§S@§)'...).)))))...
♣▓▓▓▓▓▓▓▓▓▓▓▓▓▓▓▓▓▓▓▓▓▓▓


You could see a shock serpent.

Vanquished Creatures
  Rupert (D)
  Donald (D)
  A very ugly thing (D)
  An ettin (D)
  A yaktaur captain (D)
  An ogre mage (D)
  A naga warrior (D)
  Erica (D)
  A merfolk aquamancer (D)
  An anaconda (D)
  2 two-headed ogres (D)
  Sonja (D)
  5 orc high priests (D)
  A flayed ghost (D)
  An unseen horror (D)
  A naga ritualist (D)
  A harpy (D)
  6 orc knights (D)
  An ugly thing (D)
  A cyclops (D)
  2 mana vipers (D)
  Maurice (D)
  2 merfolk sirens (D)
  A naga mage (D)
  A water nymph (D)
  A guardian serpent (D)
  4 cane toads (D)
  A gargoyle (D)
  A kobold demonologist (D)
  A komodo dragon (D)
  A komodo dragon (shapeshifter) (D)
  A troll (D)
  3 merfolk (D)
  A slime creature (D)
  6 blink frogs (D)
  A tyrant leech (D)
  A snapping turtle (D)
  A wraith (D)
  2 yaks (D)
  2 basilisks (D)
  A vampire mosquito (D)
  A naga (D)
  A water moccasin (D)
  4 orc warriors (D)
  2 ice beasts (D)
  An ogre (D)
  A phantom (D)
  A big kobold (D)
  11 bullfrogs (D)
  A hound (D)
  3 orc priests (D)
  4 orc wizards (D)
  An adder (D)
  A gnoll (D)
  6 orcs (D)
  2 bats (D)
  A bat skeleton (D)
  A bat zombie (D)
  A goblin (D)
  A kobold (D)
  2 leopard gecko skeletons (D)
  A rat (D)
112 creatures vanquished.

Vanquished Creatures (collateral kills)
  4 orc high priests (D)
  3 orc knights (D)
  3 orc warriors (D)
  An orc wizard (D)
11 creatures vanquished.

Grand Total: 123 creatures vanquished

Notes
Turn   | Place    | Note
-------+----------+-------------------------------------------
     0 | D        | mhtbhm the Human Berserker began the quest for the Orb.
     0 | D        | Reached XP level 1. HP: 18/18 MP: 1/1
    11 | D        | Reached ** piety under Trog
    33 | D        | Noticed a hound
    35 | D        | Reached XP level 2. HP: 25/25 MP: 2/2
    40 | D        | Reached *** piety under Trog
    41 | D        | Reached skill level 5 in Long Blades
    41 | D        | Reached XP level 3. HP: 32/32 MP: 3/3
    42 | D        | Reached skill level 5 in Fighting
    44 | D        | Reached XP level 4. HP: 39/39 MP: 4/4
    52 | D        | Found a roughly hewn altar of Beogh.
    52 | D        | Found a snail-covered altar of Cheibriados.
    52 | D        | Found a shadowy altar of Dithmenos.
    52 | D        | Found a white marble altar of Elyvilon.
    52 | D        | Found a blossoming altar of Fedhas.
    52 | D        | Found an opulent altar of Gozag.
    53 | D        | Found a hazy altar of Hepliaklqana.
    54 | D        | Found a viscous altar of Jiyva.
    55 | D        | Found an ancient bone altar of Kikubaaqudgha.
    56 | D        | Found a corrupted altar of Lugonu.
   183 | D        | Found a burning altar of Makhleb.
   184 | D        | Found a sparkling altar of Nemelex Xobeh.
   185 | D        | Found an iron altar of Okawaru.
   186 | D        | Found a stormy altar of Qazlal.
   187 | D        | Found a sacrificial altar of Ru.
   188 | D        | Found a shimmering blue altar of Sif Muna.
   189 | D        | Found a bloodstained altar of Trog.
   190 | D        | Found a hide-covered altar of Uskayaw.
   191 | D        | Found a radiant altar of Vehumet.
   192 | D        | Found an ornate altar of the Wu Jian Council.
   193 | D        | Found a shimmering altar of Xom.
   194 | D        | Found a basalt altar of Yredelemnul.
   195 | D        | Found a glowing silver altar of Zin.
   196 | D        | Found a glowing golden altar of the Shining One.
   249 | D        | Noticed a big kobold
   249 | D        | Noticed a bullfrog
   249 | D        | Noticed a two-headed ogre
   249 | D        | Noticed a phantom
   249 | D        | Noticed an orc warrior
   257 | D        | Killed an orc warrior
   257 | D        | Reached **** piety under Trog
   258 | D        | Reached XP level 5. HP: 42/47 MP: 5/5
   265 | D        | Killed a two-headed ogre
   266 | D        | Reached XP level 6. HP: 19/60 MP: 6/6
   266 | D        | Reached XP level 7. HP: 21/65 MP: 7/7
   266 | D        | Reached XP level 8. HP: 23/72 MP: 8/8
   298 | D        | Reached ***** piety under Trog
   299 | D        | Reached skill level 10 in Fighting
   491 | D        | Noticed a two-headed ogre
   491 | D        | Noticed a cyclops
   491 | D        | Noticed a kobold demonologist
   491 | D        | Noticed a troll
   491 | D        | Noticed a wraith
   493 | D        | Noticed a rust devil
   497 | D        | Killed a wraith
   501 | D        | Killed a troll
   505 | D        | Killed a kobold demonologist
   506 | D        | Reached skill level 1 in Stealth
   506 | D        | Reached XP level 9. HP: 81/81 MP: 9/9
   513 | D        | Killed a cyclops
   519 | D        | Killed a two-headed ogre
   758 | D        | Received a gift from Trog
   759 | D        | Reached XP level 10. HP: 89/89 MP: 10/10
   913 | D        | Noticed a komodo dragon
   918 | D        | Noticed a cane toad
   919 | D        | Killed a komodo dragon
   919 | D        | Received a gift from Trog
   920 | D        | Reached skill level 15 in Long Blades
   925 | D        | Reached ****** piety under Trog
   929 | D        | Reached skill level 1 in Evocations
   932 | D        | Killed a cane toad
   942 | D        | Received a gift from Trog
  1040 | D        | Noticed a cane toad
  1040 | D        | Noticed a cane toad
  1040 | D        | Noticed a cane toad
  1062 | D        | Killed a cane toad
  1063 | D        | Reached skill level 10 in Dodging
  1063 | D        | Reached XP level 11. HP: 80/98 MP: 11/11
  1071 | D        | Received a gift from Trog
  1327 | D        | Noticed Erica
  1341 | D        | Killed Erica
  1342 | D        | Reached skill level 10 in Armour
  1576 | D        | Noticed Maurice
  1754 | D        | Noticed Sonja
  1759 | D        | Killed Sonja
  1759 | D        | Received a gift from Trog
  1874 | D        | Noticed an orc knight
  1890 | D        | Killed an orc knight
  1890 | D        | Received a gift from Trog
  2009 | D        | Noticed an orc knight
  2009 | D        | Noticed an orc knight
  2018 | D        | Received a gift from Trog
  2019 | D        | Noticed an orc high priest
  2024 | D        | Noticed a soul eater
  2024 | D        | Killed an orc knight
  2025 | D        | Noticed an orc knight
  2030 | D        | Killed an orc knight
  2031 | D        | Reached skill level 15 in Fighting
  2061 | D        | Killed an orc high priest
  2063 | D        | Killed an orc knight
  2063 | D        | Received a gift from Trog
  2315 | D        | Found Jeycsi's Antique Weapon Boutique.
  2315 | D        | Noticed an orc knight
  2315 | D        | Noticed an orc high priest
  2315 | D        | Noticed an orc knight
  2315 | D        | Noticed an orc high priest
  2315 | D        | Noticed an orc knight
  2318 | D        | Noticed a soul eater
  2325 | D        | Killed an orc knight
  2328 | D        | Killed an orc high priest
  2329 | D        | Reached XP level 12. HP: 110/110 MP: 12/12
  2331 | D        | Noticed an orc high priest
  2335 | D        | Found Feanomm's Armour Shop.
  2342 | D        | Noticed an orc high priest
  2344 | D        | Found Din Gub's Gadget Boutique.
  2344 | D        | Noticed an orc high priest
  2353 | D        | Killed an orc high priest
  2361 | D        | Killed an orc high priest
  2361 | D        | Received a gift from Trog
  2366 | D        | Killed an orc high priest
  2369 | D        | Killed an orc high priest
  2373 | D        | Noticed an orc high priest
  2374 | D        | Noticed an orc high priest
  2385 | D        | Killed an orc high priest
  2391 | D        | Killed an orc high priest
  2392 | D        | Found Likujad's Weapon Shop.
  2556 | D        | Noticed an orc high priest
  2580 | D        | Killed an orc high priest
  2580 | D        | Received a gift from Trog
  2993 | D        | Killed Maurice
  3026 | D        | Found the +7 great mace "Firestarter" {inner flame, rF++}
  3362 | D        | Bought a +4 plate armour of fire resistance for 650 gold
                  | pieces
  3688 | D        | Reached skill level 1 in Maces & Flails
  3689 | D        | Noticed a yaktaur captain
  3694 | D        | Killed an unseen horror
  3695 | D        | Noticed an ettin
  3699 | D        | Killed a yaktaur captain
  3699 | D        | Received a gift from Trog
  3700 | D        | Noticed a flayed ghost
  3703 | D        | Noticed a green very ugly thing
  3706 | D        | Noticed an ogre mage
  3708 | D        | Killed an ettin
  3709 | D        | Reached skill level 5 in Maces & Flails
  3709 | D        | Reached XP level 13. HP: 60/121 MP: 13/13
  3711 | D        | Killed a green very ugly thing
  3715 | D        | Received a gift from Trog
  3718 | D        | Paralysed by an ogre mage for 7 turns
  3725 | D        | Killed an ogre mage
  3916 | D        | Got a fading great sword {god gift}
  4025 | D        | Noticed Rupert
  4040 | D        | Killed Rupert
  4115 | D        | Noticed Donald
  4124 | D        | Killed Donald
  4125 | D        | Reached skill level 10 in Maces & Flails
  4500 | D        | Received a gift from Trog
  4508 | D        | Received a gift from Trog
  4517 | D        | Reached skill level 15 in Armour
  4733 | D        | Noticed an anaconda
  4733 | D        | Noticed a naga warrior
  4741 | D        | Killed a naga warrior
  4742 | D        | Received a gift from Trog
  4753 | D        | Killed an anaconda
  4761 | D        | Received a gift from Trog
  4763 | D        | Slain by a shock serpent

Illustrated notes

Levels and vault maps discovered:
D:        linesprint [early_d, line_temple, items_1, d_10, items_2, lair_1,
          lair_end, items_3, orc_1, orc_end, items_4, d_15, swamp_1, shoals_1,
          snake_1, spider_1, d_20, vaults_1, items_5, swamp_end, shoals_end,
          snake_end, spider_end, vaults_end, d_27, items_6, zot_1, zot_end,
          crypt_end, forest_end, elf_end, slime_end, tomb_end, abyss_end,
          pan_hell_end]

Skill      XL: |  1  2  3  4  5  6  7  8  9 10 11 12 13 |
---------------+----------------------------------------+-----
Fighting       | 4 5 6 9 11 12 13 15 17 18 | 18.2
Long Blades    | 5 7 11 12 14 15 17 18 | 18.4
Dodging        | 3 4 7 8 9 10 | 10.4
Armour         | 3 6 7 9 11 14 15 | 15.3
Stealth        | 1 2 3 |  3.0
Evocations     | 1 2 3 |  3.9
Maces & Flails | 5 14 | 14.0
Throwing       | |  0.1

Action                   |  1- 3 |  4- 6 |  7- 9 | 10-12 | 13-15 || total
-------------------------+-------+-------+-------+-------+-------++-------
Melee: Falchion          |    21 |     2 |       |       |       ||    23
       Scimitar          |       |    13 |    40 |   240 |       ||   293
       Great mace        |       |       |       |    19 |    60 ||    79
Throw: Dart              |       |       |       |       |     1 ||     1
Invok: Berserk           |     1 |     1 |     1 |     9 |     2 ||    14
       Brothers in Arms  |       |       |       |     2 |       ||     2
Evoke: Wand              |       |       |     2 |     6 |     2 ||    10
  Use: Potion            |       |       |     1 |     3 |     1 ||     5
       Scroll            |       |       |     1 |     2 |       ||     3
Armor: Animal skin       |     4 |       |       |       |       ||     4
       Ring mail         |       |     1 |     7 |       |       ||     8
       Plate armour      |       |       |    12 |    70 |    43 ||   125
Dodge: Dodged            |    15 |     6 |    15 |    84 |    31 ||   151
       Rpst.: Falchion   |     5 |       |       |       |       ||     5
       Scimitar          |       |     2 |     4 |    16 |       ||    22

Table legend: (Time is in decaauts)
 A = Elapsed time spent in this place.
 B = Non-inter-level travel time spent in this place.
 C = Inter-level travel time spent in this place.
 D = Time resting spent in this place.
 E = Time spent auto-exploring this place.
 F = Levels seen in this place.
 G = Mean time per level.
                   A        B        C        D        E       F      G
               +--------+--------+--------+--------+--------+-----+--------+
         Total |   4794 |   4504 |    290 |   2170 |    947 |   1 | 4794.0 |
       Dungeon |   4794 |   4504 |    290 |   2170 |    947 |   1 | 4794.0 |
               +--------+--------+--------+--------+--------+-----+--------+

Top non-repeatable levels by time:
       D: 4794 daAuts
